 Dungeon Crawl Stone Soup version 0.28.0-43-g3370ac3207 (webtiles) character file.

Game seed: 12893042736462496950

30 crimpus the Shield-Bearer (level 2, 0/26 HPs)
             Began as a Demigod Fighter on Mar 6, 2022.
             Slain by Natasha (8 damage)
             ... on level 2 of the Dungeon.
             The game lasted 00:01:37 (800 turns).

crimpus the Shield-Bearer (Demigod Fighter)          Turns: 800, Time: 00:01:37

Health: 0/26       AC:  6    Str: 19    XL:     2   Next: 84%
Magic:  4/4        EV:  9    Int: 10    God:
Gold:   72         SH:  4    Dex: 13    Spells: 1/1 levels left

rFire   . . .      SeeInvis .   h - +0 whip (pain)
rCold   . . .      Faith    .   c - +0 buckler
rNeg    . . .      Spirit   .   b - +0 scale mail
rPois   .          Reflect  .   (no helmet)
rElec   .          Harm     .   (no cloak)
rCorr   .          Rampage  .   (no gloves)
Will    .....                   (no boots)
Stlth   ..........              (no amulet)
HPRegen 0.08/turn               (no ring)
MPRegen 0.09/turn               (no ring)

@: mighty, flying, slowed, very slow
A: high MP 1, forlorn, divine attributes, sense surroundings 1, strong 1
a: no special abilities


You were on level 2 of the Dungeon.
You visited 1 branch of the dungeon, and saw 2 of its levels.

You collected 72 gold pieces.

Inventory:

Hand Weapons
 a - a +0 flail
 h - a +0 whip of pain (weapon)
Armour
 b - a +0 scale mail (worn)
 c - a +0 buckler (worn)
Jewellery
 f - a +6 ring of intelligence


   Skills:
 + Level 3.0 Fighting
 + Level 2.0 Maces & Flails
 + Level 3.0 Armour
 + Level 3.1 Shields


You had one spell level left.
You didn't know any spells.
Your spell library was empty.

Dungeon Overview and Level Annotations

Branches:
Dungeon (2/15)

Annotations:
D:2 Natasha


Innate Abilities, Weirdness & Mutations

You have an increased reservoir of magic. (+10% MP)
You shall have no god before yourself.
Your divine heritage dramatically boosts your attributes as you level up.
You passively map a small area around you.
Your muscles are strong. (Str +2)


Message History

The jackal closely misses you.
The jackal bites you but does no damage.
The crimson imp hits you but does no damage.
Natasha claws you.
* * * LOW HITPOINT WARNING * * *
You closely miss Natasha.
Natasha is heavily wounded.
The jackal bites you but does no damage. x2
You block the crimson imp's attack. Natasha casts a spell at you.
You feel as though you will be slow longer.
You block the jackal's attack. The jackal closely misses you.
Natasha seems less brilliant.
The jackal closely misses you. The jackal misses you.
The crimson imp completely misses you.
Natasha wildly gestures.
You feel troubled. The white imp gestures at you. The puff of frost hits you.
* * * LOW HITPOINT WARNING * * *
The crimson imp barely misses you.
Natasha wildly gestures.
Natasha's front paws start to glow.
You block the jackal's attack.
It was a potion of curing.
You feel better. The jackal completely misses you.
The jackal bites you but does no damage.
It was a potion of mutation.
You feel extremely strange.
You feel a strange attunement to the structure of the dungeons.
You feel stronger. The jackal closely misses you. The jackal bites you.
* * * LOW HITPOINT WARNING * * *
Natasha barely misses you. You block the jackal's attack.
It was a potion of flight.
You feel very buoyant.
You fly up into the air.
You block the jackal's attack. You block Natasha's attack.
You block the jackal's attack.
You miss Natasha.
Natasha is heavily wounded.
The white imp disappears in a puff of smoke!
Natasha claws you!
You die...

, * #.# , #.# , ,
, ####.##### * * *
..., ,,
.....#...## ...
####.......######
,....
.....ยง...........
, , ... *
#...h........#
.###.####
##h#hB.#####.#
........###..@####
* *#..........#
.....##.###...#
###* #.# ##### *
,* #)# ,* , #.#
#.# #.# * #.#


You could see Natasha, 2 jackals and a giant cockroach.

Vanquished Creatures
  3 ball pythons (D:1)
  4 bats
  5 endoplasms
  2 goblins (D:1)
  3 hobgoblins
  2 jackals (D:2)
  3 kobolds
  A quokka (D:1)
  2 frilled lizards (D:1)
25 creatures vanquished.

Notes
Turn   | Place    | Note
-------+----------+-------------------------------------------
     0 | D:1      | crimpus the Demigod Fighter began the quest for the Orb.
     0 | D:1      | Reached XP level 1. HP: 18/18 MP: 3/3
   162 | D:1      | Reached XP level 2. HP: 25/25 MP: 4/4
   778 | D:2      | Noticed Natasha
   798 | D:2      | Gained mutation: You passively map a small area around you.
                  | [potion of mutation]
   798 | D:2      | Gained mutation: Your muscles are strong. (Str +2) [potion
                  | of mutation]
   800 | D:2      | Slain by Natasha

Illustrated notes

Levels and vault maps discovered:
D:1:      dpeg_arrival_stonehenge_8_columns, layout_basic
D:2:      layout_loops_ring, basic_altar, uniq_natasha

Skill      XL: |  1  2 |
---------------+-------+-----
Shields        | 3 |  3.1
Fighting       | 3 |  3.0
Armour         | 3 |  3.0
Maces & Flails | 2 |  2.0

Action                   || total
-------------------------++-------
Melee: Flail             ||    32
       Whip              ||    44
  Use: Potion            ||     4
Armor: Scale mail        ||    54
Dodge: Dodged            ||    63
Block: Buckler           ||    29
